 Dungeon Crawl Stone Soup version 0.22-a0-254-gaf95ca0 (webtiles) character file.

28 kuniqs the Covered (level 2, -2/27 HPs)
             Began as a Deep Dwarf Fighter on Mar 4, 2018.
             Slain by a gnoll
             ... wielding a +0 spear
              (4 damage)
             ... on level 2 of the Dungeon.
             The game lasted 00:01:13 (799 turns).

kuniqs the Covered (Deep Dwarf Fighter)              Turns: 799, Time: 00:01:13

Health: -2/27      AC:  9    Str: 19    XL:     2   Next: 96%
Magic:  2/2        EV:  3    Int:  8    God:
Gold:   78         SH:  0    Dex: 12    Spells: 1/1 levels left

rFire    . . .     SeeInvis .   a - +0 war axe
rCold    . . .     Gourm    .   c - +0 shield
rNeg     . . .     Faith    .   k - +0 chain mail
rPois    .         Spirit   .   (no helmet)
rElec    .         Reflect  .   (no cloak)
rCorr    .         Harm     .   (no gloves)
MR       .....                  (no boots)
Stlth    ..........             (no amulet)
HPRegen  0.00/turn              (no ring)
MPRegen  0.08/turn              (no ring)

@: held, non-regenerating
A: damage resistance, heal wounds, sense surroundings 1, no regeneration
a: Heal Wounds


You were on level 2 of the Dungeon.
You were not hungry.

You visited 1 branch of the dungeon, and saw 2 of its levels.

You collected 78 gold pieces.

Inventory:

Hand Weapons
 a - a +0 war axe (weapon)
Armour
 c - a +0 shield (worn)
 k - a +0 chain mail (worn)
Scrolls
 g - a scroll of teleportation {unknown}
 h - 3 scrolls of enchant weapon {unknown}
 i - a scroll of remove curse {unknown}
 j - a scroll of amnesia {unknown}
 l - a scroll of identify {unknown}
Potions
 d - a potion of might
 e - 2 potions of resistance {unknown}
Comestibles
 b - a chunk of flesh
 f - 5 rations


   Skills:
 + Level 2.9 Fighting
 + Level 2.5 Axes
 + Level 3.6 Armour
 + Level 1.0 Dodging
 + Level 3.5 Shields


You had one spell level left.
You didn't know any spells.

Dungeon Overview and Level Annotations

Branches:
Dungeon (2/15)

Altars:


Innate Abilities, Weirdness & Mutations

You are resistant to damage.
You can heal yourself by infusing magical energy.
You passively map a small area around you.
You do not regenerate.


Message History

Your surroundings suddenly seem different.
A bat, a hobgoblin and 8 gnolls come into view.
The gnoll shouts! x2; The hobgoblin shouts!
The gnoll shouts! x3
You block the bat's attack.
The gnoll hits you from afar with a spear.
The gnoll throws a throwing net.
The throwing net hits you.
You become entangled in the net!
Found a throwing net and a scroll labeled BUKHOL BAUQ.
A bat comes into view.
You see here a throwing net.
You struggle against the net.
The bat hits you but does no damage.
The gnoll hits you from afar with a halberd.
The gnoll hits you from afar with a spear.
* * * LOW HITPOINT WARNING * * *
The gnoll hits you but does no damage.
You struggle against the net.
The bat hits you but does no damage.
The gnoll hits you from afar with a halberd!
* * * LOW HITPOINT WARNING * * *
The gnoll hits you from afar with a spear.
You die...

, #.##### , ,
#.....# , ,
#.g...###* * ,,
#.g..... ,* * .# ,,
#.....# , *..# *
#ggg.#*
#.#####.#####....# *
* #.....#.g....b@..#
, #.....#...gg..b..#
#.....#......g...#
#.....#............*
,
#.....#.####.......#
* ###.....#
#....?..#* (...)...#
#.......# .#.##..##
#.......# , #...#.#
.# ,


You could see 8 gnolls, a hobgoblin and 2 bats.

Vanquished Creatures
  An ooze (D:1)
  2 goblins (D:1)
  3 hobgoblins (D:1)
  3 jackals (D:1)
  3 kobolds
  4 bats
  2 frilled lizards (D:1)
  3 rats (D:1)
21 creatures vanquished.

Notes
Turn   | Place    | Note
-------+----------+-------------------------------------------
     0 | D:1      | kuniqs the Deep Dwarf Fighter began the quest for the Orb.
     0 | D:1      | Reached XP level 1. HP: 20/20 MP: 1/1
    71 | D:1      | Reached XP level 2. HP: 22/27 MP: 2/2
   334 | D:1      | Reached skill level 1 in Dodging
   799 | D:2      | Slain by a gnoll

Vault maps used:
D:1:      erik_arrival_blinker_ship

Skill      XL: |  1  2 |
---------------+-------+-----
Dodging        | 1 |  1.0
Fighting       | |  2.9
Axes           | |  2.5
Armour         | |  3.6
Shields        | |  3.5

Action                   || total
-------------------------++-------
Melee: War axe           ||    58
Armor: Scale mail        ||    25
       Chain mail        ||    14
Dodge: Dodged            ||    20
Block: Shield            ||    34

Table legend:
 A = Spawn XP
 B = Non-spawn XP
 C = Spawn XP percentage of total XP
 D = Spawn monster count
 E = Non-spawn monster count
 F = Spawn count percentage of total count
 G = Total turns spent on level
                    A         B        C        D         E        F      G
               +---------+---------+-------+---------+---------+-------+---------
         Total |       0 |      40 |   0.0 |       0 |      21 |   0.0 |   799
               +---------+---------+-------+---------+---------+-------+---------
           D:1 |       0 |      37 |   0.0 |       0 |      19 |   0.0 |   753
           D:2 |       0 |       3 |   0.0 |       0 |       2 |   0.0 |    46
               +---------+---------+-------+---------+---------+-------+---------
